ullux, chaotic female elven Wizard ---- ---- ---- |..| |..| ------ --- ---.|.-----<.---- |..| ------- --....---.---- |......|.|....|.--- --.| --..--.---- |............---- |.........-..)....| |.| |.........-- |..........*....--- ------.........--.--- |^| |.....)...... ---.|.|...........-- -.....--.||...| |.| --....%......- ------...........| ---..|...|---.---|.| ----......... |...........| ----.--- |...||.| --.........- --........--- |...| |-..--.| |...|........| |-....---- ---.--- |......-### #--.-----......| |.....| ---- |...| --....[...--## |...| --....-- - ----.....---..| ---.--- |..........-----#.-.| |.....--... ....@...@....%@@..f| |...| |...............)[[.-- ---.......... ....---...---------- ---.--- ----........-------.(---............---.......--| |...| --......-- --.[...........................| --.--- |......| |...)...........)..--------....-- --..| ----...-- -................-- ----..-- |...| ---..| ---..---.--....--- --..| --.-- --.| ---- --- --.>| |..| --- --- ---- ---- ullux the Thaumaturge Experience level: 7 Strength: 12 Dexterity: 14 Constitution: 12 Intelligence: 19 Wisdom: 12 Charisma: 9 Health: 0(48) Energy: 63(87) Def: 4 Gold: 96 Moves: 3087 Dungeon seed: _GxbN5X9ZniR1NQH Game ID: ullux_1468150551 Your Inventory: Coins $ - 96 gold pieces Weapons a - a blessed +1 quarterstaff (weapon in hands) Armor e - an uncursed +0 cloak of magic resistance (being worn) q - a blessed +0 orcish helm (being worn) E - an uncursed +0 pair of iron shoes (being worn) Comestibles X - 2 uncursed food rations Scrolls d - a blessed scroll of enchant armor Potions f - an uncursed potion of object detection Tools g - a can of grease (0:1) T - a cursed brass lantern (lit) (0:956) U - a cursed mirror Gems b - 2 uncursed chrysoberyl stones c - 2 cursed worthless pieces of yellowish brown glass r - an uncursed worthless piece of black glass y - 2 cursed worthless pieces of blue glass z - a cursed flint stone N - 2 cursed worthless pieces of green glass V - 2 cursed worthless pieces of orange glass W - 2 cursed jasper stones Z - a cursed worthless piece of violet glass Spells and supernatural/magical abilities: Name Level Category Fail Memory a - force bolt 1 attack 3% 85% k - knock 1 matter 3% 99% l - light 1 divination 3% 99% x - extra healing 3 healing 87% 85% z - sleep 1 enchantment 3% 90% W - pray for help -- divine ? -- Your skills at the end: Fighting Skills Weapon Skills quarterstaff [Skilled] Spellcasting Skills attack spells [Basic] enchantment spells [Basic] Final Attributes: You were piously aligned. You were sleep resistant. You were poison resistant. You were magic-protected. You were telepathic. You had infravision. You are dead. Vanquished creatures: a ghost a small mimic a dwarf king 2 giant beetles a wolf 2 leprechauns 3 gnome kings a lizard 2 dwarf lords a blue jelly a raven a soldier ant a fire ant a water nymph a pony a fog cloud a shrieker 5 gnome lords 4 gnomish wizards a kobold mummy a straw golem a baby crocodile 2 floating eyes 5 dwarves 3 rothes 2 iguanas 7 killer bees a gas spore 3 hobbits 2 manes a hobgoblin 4 giant rats 17 gnomes 4 garter snakes a gnome zombie 2 geckos a kobold 3 sewer rats 5 grid bugs 4 bats 2 lichens 3 newts 106 creatures vanquished. Voluntary challenges: You had been an atheist until turn 1889. You used a wielded weapon 130 times, starting on turn 58. You read items or engraved 3 times, starting on turn 936. You never genocided any monsters. You never polymorphed an object. You never changed form. You used no wishes. You never split a pudding. You never wrote Elbereth's name. You violated your moral code, losing 4 points of alignment, starting on turn 3076. Dungeon overview: The Dungeons of Doom: levels 1 to 4 Level 1 a sink a long staircase Level 2 a potion shop stairs to The Gnomish Mines Level 3 a fountain, a sink Level 4 The Gnomish Mines: levels 3 to 6 Level 3 stairs to The Dungeons of Doom Level 4 Level 5 many shops, a temple to Anhur, some fountains Level 6 <- You were here History has recorded: On T:1 you entered the Dungeons of Doom to retrieve the Amulet of Yendor! On T:208 you reached level 2 of The Dungeons of Doom. On T:448 you reached level 3 of The Dungeons of Doom. On T:449 you advanced to experience level 2. On T:566 you advanced to experience level 3. On T:681 you reached level 4 of The Dungeons of Doom. On T:789 you reached level 1 of The Gnomish Mines. On T:794 you advanced to experience level 4. On T:1014 you advanced to experience level 5. On T:1121 you reached level 2 of The Gnomish Mines. On T:1197 you advanced to experience level 6. On T:1589 you reached level 3 of The Gnomish Mines. On T:2103 you advanced to experience level 7. On T:2180 you reached level 4 of The Gnomish Mines. Score breakdown: Gold: 96 ( 6758 points) Experience: 7 levels (13645 points) Exploration: 6 levels ( 11.54%) ( 9393 points) Discoveries: 9 items ( 3.26%) ( 5417 points) Valuables value: (no points given unless you survive) Artifact value: 0 ( 0 points) Variety of kills: 42 monsters ( 11.02%) ( 9960 points) Turncount: 3087 turns ( -642 points) Survival: died (score multiplied by 80%) Total score: 35624 Latest messages: The sleep ray hits the Woodland-elf. You hit the giant beetle! (2x) You miss the giant beetle. The giant beetle bites! The spell hits the giant beetle! You kill the giant beetle! The spell hits the Woodland-elf! The Woodland-elf gets angry! The spell hits the Woodland-elf! The Woodland-elf gets angry! The Woodland-elf wields an elven broadsword! The spell misses the Woodland-elf. The spell hits the Woodland-elf! The Woodland-elf resists! The Woodland-elf gets angry! The Woodland-elf swings her elven broadsword. The Woodland-elf hits! You die... Final status: Goodbye ullux the Wizard, killed by a Woodland-elf... You died in The Gnomish Mines on dungeon level 6 with 35624 points, and 96 pieces of gold, after 3087 moves. You were level 7 with a maximum of 48 hit points when you died.